 Dungeon Crawl Stone Soup version 0.30-a0-737-gf23d94013f (webtiles) character file.

Game seed: 18349266537594003545

996 Pookinis the Trooper (level 7, 0/62 (63) HPs)
             Began as a Minotaur Gladiator on Feb 2, 2023.
             Was an Initiate of Dithmenos.
             Slain by a wight
             ... wielding a +0 dagger
              (1 damage)
             ... on level 6 of the Dungeon.
             The game lasted 00:14:18 (4054 turns).

Pookinis the Trooper (Minotaur Gladiator)           Turns: 4054, Time: 00:14:18

HP:   0/62 (63)     AC: 12    Str: 20    XL:     7   Next: 99%
MP:   6/6           EV:  9    Int:  5    God:    Dithmenos [......]
Gold: 278           SH:  0    Dex: 12    Spells: 6/6 levels left

rFire   . . .      SeeInvis .    a - +2 trident
rCold   + . .      Faith    .    (no shield)
rNeg    . . .      Spirit   .    f - +2 chain mail {rC+}
rPois   .          Reflect  .    c - +0 hat
rElec   .          Harm     .    (no cloak)
rCorr   .          Rampage  .    (no gloves)
Will    .....                    g - +0 pair of boots Stlth
                                 (no amulet)
HPRegen 0.30/turn                (no ring)
MPRegen 0.10/turn                (no ring)

@: lightly drained
A: horns 2, retaliatory headbutt
a: Renounce Religion


You were on level 6 of the Dungeon.
You worshipped Dithmenos.
Dithmenos was noncommittal.
You visited 1 branch of the dungeon, and saw 6 of its levels.

You collected 278 gold pieces.

Inventory:

Hand Weapons
 a - a +2 trident (weapon)
 n - a +3 whip
Missiles
 d - 3 throwing nets
 e - 13 javelins
Armour
 c - a +0 hat (worn)
 f - a +2 chain mail of cold resistance (worn)
 g - a +0 pair of boots (worn)
Jewellery
 x - a ring of positive energy
Wands
 i - a wand of charming (1)
 o - a wand of flame (4) (quivered)
 r - a wand of quicksilver (10)
Scrolls
 h - 2 scrolls of magic mapping
 j - a scroll of identify
 p - 2 scrolls of blinking {unknown}
 u - a scroll of amnesia {unknown}
 y - a scroll of fear {unknown}
 z - a scroll of enchant armour {unknown}
Potions
 b - 2 potions of curing
 k - 2 potions of brilliance {unknown}
 l - a potion of ambrosia {unknown}
 m - 4 potions of lignification {unknown}
 q - a potion of haste {unknown}
 s - a potion of mutation {unknown}
 t - a potion of cancellation {unknown}
 v - a potion of might {unknown}
 w - a potion of flight


   Skills:
 + Level 6.2 Fighting
 - Level 3.1(4.9) Axes
 + Level 5.8(6.2) Polearms
 - Level 4.0 Throwing
 + Level 4.1 Armour
 - Level 5.0 Dodging


You had 6 spell levels left.
You didn't know any spells.
Your spell library contained the following spells:

 Spells                   Type           Power      Damage    Failure   Level
 Kiss of Death            Conj/Necr      0%         2d5       99%         1
 Magic Dart               Conj           0%         1d3       99%         1
 Slow                     Hex            0%         N/A       99%         1
 Call Imp                 Summ           0%         N/A       100%        2
 Confusing Touch          Hex            0%         N/A       100%        3
 Mephitic Cloud           Conj/Pois/Air  0%         N/A       100%        3
 Vampiric Draining        Necr           0%         2d6       100%        3
 Dispel Undead            Necr           0%         3d6       100%        4


Dungeon Overview and Level Annotations

Branches:
Dungeon (6/15)
 Temple: D:4-7

Altars:
Cheibriados
Dithmenos
Wu Jian
The Shining One


Innate Abilities, Weirdness & Mutations

You have a pair of horns on your head.
You reflexively headbutt those who attack you in melee.


Message History

You hit the ogre. You headbutt the ogre.
The ogre is almost dead.
An orc comes into view. It is wielding a +0 trident.
The orc warrior barely misses you.
The orc priest hits you with a +0 trident.
The orc shouts!
You puncture the ogre!
You kill the ogre!
Dithmenos accepts your kill.
The orc warrior hits you from afar with a +0 halberd!
* * * LOW HITPOINT WARNING * * *
The orc priest hits you but does no damage.
Your Armour skill increases to level 4!
You barely miss the orc. You headbutt the orc!
You kill the orc!
Dithmenos accepts your kill.
The orc priest casts a cantrip, but nothing happens.
The orc warrior barely misses you.
You hit the wight.
The wight is lightly damaged.
The wight hits you but does no damage.
The orc priest begins to cast a cantrip, but forgets the words!
The orc warrior hits you from afar with a +0 halberd.
* * * LOW HITPOINT WARNING * * *
You closely miss the wight. Your headbutt misses the wight.
The wight is lightly damaged.
The wight hits you but does no damage.
The orc priest hits you but does no damage.
The orc warrior hits you from afar with a +0 halberd.
* * * LOW HITPOINT WARNING * * *
The orc priest hits you but does no damage.
The wight closely misses you. The orc priest barely misses you.
The wight hits you but does no damage.
The orc warrior hits you from afar with a +0 halberd.
* * * LOW HITPOINT WARNING * * *
The wight attacks as you move away! The wight hits you with a +0 dagger.
* * * LOW HITPOINT WARNING * * *
You feel drained.
You die...

.....# #.## #O..## #..#
##... #...# #..### #....
#...# ###..... . ##...#
##).# #....... #. #....#
##o.##..........#
#..###....####oo......#
##...#
#..........#.z##..####
#..... . ...........@## ..#
##.##.. ... ##.......## #.#
##..###. ....##....##..#
#.## #..## ##
.........####..####..###.##
# .........##
##...##)..#..# #
...#####..# #.....).)..## #
# ##.## ##....###...# #
#..# #...## #.....####
######..####..## #.......#.


You could see an orc warrior, a wight, an orc priest and an orc.

Vanquished Creatures
  4 ogres
  A phantom (D:3)
  A necrophage (D:5)
  2 scorpions
  A howler monkey (D:4)
  2 hounds
  An iguana (D:5)
  Terence (D:2)
  Natasha (twice) (D:2)
  6 gnolls
  3 adders
  A shadow imp (D:5)
  An ufetubus (D:5)
  2 dart slugs (D:1)
  3 worms
  10 orcs (D:6)
  6 ball pythons
  8 endoplasms
  3 giant cockroaches
  8 goblins
  5 hobgoblins
  3 jackals (D:2)
  3 quokkas
  7 bats
  A frilled lizard (D:3)
  5 kobolds
  2 rats (D:3)
92 creatures vanquished.

Vanquished Creatures (collateral kills)
  A gnoll (D:2)
1 creature vanquished.

Vanquished Creatures (others)
  2 gnolls
2 creatures vanquished.

Grand Total: 95 creatures vanquished

Notes
Turn   | Place    | Note
-------+----------+-------------------------------------------
     0 | D:1      | Pookinis the Minotaur Gladiator began the quest for the
                  | Orb.
     0 | D:1      | Reached XP level 1. HP: 18/18 MP: 0/0
   254 | D:1      | Reached XP level 2. HP: 16/25 MP: 1/1
   669 | D:1      | Reached skill level 3 in Fighting
   813 | D:1      | Reached XP level 3. HP: 28/31 MP: 2/2
  1139 | D:2      | Noticed Terence
  1146 | D:2      | Killed Terence
  1149 | D:2      | Reached XP level 4. HP: 29/38 MP: 3/3
  1356 | D:2      | Noticed Natasha
  1360 | D:2      | Killed Natasha
  1365 | D:2      | Noticed Natasha
  1380 | D:2      | Killed Natasha
  1381 | D:2      | Reached XP level 5. HP: 39/46 MP: 4/4
  1601 | D:3      | Reached skill level 4 in Fighting
  2018 | D:3      | Reached skill level 5 in Polearms
  2264 | D:3      | Noticed a phantom
  2272 | D:3      | Killed a phantom
  2273 | D:3      | Reached XP level 6. HP: 53/53 MP: 5/5
  2421 | D:4      | Reached skill level 1 in Axes
  2421 | D:4      | Reached skill level 1 in Armour
  2469 | D:4      | Found a shadowy altar of Dithmenos.
  2484 | D:4      | Became a worshipper of Dithmenos the Shadowed
  2534 | D:4      | Found a snail-covered altar of Cheibriados.
  2610 | D:4      | Reached skill level 5 in Dodging
  2736 | D:4      | HP: 2/55 [ogre/+0 giant club (7)]
  2738 | D:4      | Reached skill level 5 in Fighting
  2738 | D:4      | Reached XP level 7. HP: 2/61 MP: 6/6
  3188 | D:5      | Entered Level 5 of the Dungeon
  3369 | D:5      | Found an ornate altar of the Wu Jian Council.
  3869 | D:5      | Found a glowing golden altar of the Shining One.
  4028 | D:6      | Reached skill level 6 in Fighting
  4054 | D:6      | HP: 1/63 [wight/+0 dagger (3)]
  4054 | D:6      | Slain by a wight

Illustrated notes

Levels and vault maps discovered:
D:1:      minmay_arrival_solitary_statue, layout_loops_corners
D:2:      layout_rooms, uniq_terence, uniq_natasha
D:3:      layout_loops_ring, serial_park_tiny_2
D:4:      layout_loops_cross, mainiacjoe_overflow_chevrons,
          nicolae_overflow_hidden_temple
D:5:      layout_cave_pools, amcnicky_altar_gilded, mainiacjoe_overflow_alcove_4
D:6:      layout_layer_cave, mainiacjoe_overflow_cross_hatched,
          grunt_gozag_breadcrumbs, nicolae_vehumet_altar_sigil

Skill      XL: |  1  2  3  4  5  6  7 |
---------------+----------------------+-----
Polearms       | 4 5 |  5.8
Fighting       | 3 4 5 6 |  6.2
Dodging        | 4 5 |  5.0
Throwing       | 3 4 |  4.0
Axes           | 2 3 |  3.1
Armour         | 2 4 |  4.1

Action                     |  1- 3 |  4- 6 |  7- 9 || total
---------------------------+-------+-------+-------++-------
  Melee: Trident           |    50 |   105 |    45 ||   200
         Headbutt          |     7 |    17 |    14 ||    38
         Punch             |       |     2 |       ||     2
  Evoke: Wand              |       |     6 |    21 ||    27
    Use: Scroll            |     4 |     1 |     1 ||     6
         Potion            |     1 |       |       ||     1
 Armour: Leather armour    |    20 |       |       ||    20
         Chain mail        |       |    72 |    29 ||   101
  Dodge: Dodged            |    40 |    59 |    24 ||   123

Table legend: (Time is in decaauts)
 A = Elapsed time spent in this place.
 B = Non-inter-level travel time spent in this place.
 C = Inter-level travel time spent in this place.
 D = Time resting spent in this place.
 E = Time spent auto-exploring this place.
 F = Levels seen in this place.
 G = Mean time per level.
                   A        B        C        D        E       F      G
               +--------+--------+--------+--------+--------+-----+--------+
         Total |   4065 |   3941 |    124 |    338 |   2549 |   6 |  677.5 |
       Dungeon |   4065 |   3941 |    124 |    338 |   2549 |   6 |  677.5 |
               +--------+--------+--------+--------+--------+-----+--------+

Top non-repeatable levels by time:
     D:1: 1011 daAuts
     D:4: 817 daAuts
     D:3: 804 daAuts
     D:5: 706 daAuts
     D:2: 566 daAuts
     D:6: 160 daAuts
